 Dungeon Crawl Stone Soup version 0.29-a0-414-g5075937ec3 (webtiles) character file.

Game seed: 6600108883018996700

177 trckry the Grave Robber (level 5, -5/35 HPs)
             Began as a Mummy Necromancer on May 16, 2022.
             Slain by Menkaure (17 damage)
             ... on level 4 of the Dungeon.
             The game lasted 00:11:53 (3376 turns).

trckry the Grave Robber (Mummy Necromancer)         Turns: 3376, Time: 00:11:53

Health: -5/35      AC:  2    Str: 12    XL:     5   Next: 31%
Magic:  10/11      EV: 12    Int: 16    God:
Gold:   106        SH:  0    Dex: 18    Spells: 11/12 levels left

rFire   x . .      SeeInvis .   e - +1 whip (elec)
rCold   + . .      Faith    .   (no shield)
rNeg    + + +      Spirit   .   a - +0 robe
rPois   ∞          Reflect  .   (no helmet)
rElec   .          Harm     .   (no cloak)
rCorr   .          Rampage  .   (no gloves)
Will    .....                   (no boots)
Stlth   ++........              (no amulet)
HPRegen 0.11/turn               k - +6 ring of dexterity
MPRegen 0.12/turn               (no ring)

@: no status effects
A: cold resistance 1, negative energy resistance 3, torment resistance 2, heat
vulnerability 1, in touch with death 1, no potions
a: no special abilities


You were on level 4 of the Dungeon.
You visited 1 branch of the dungeon, and saw 4 of its levels.

You collected 106 gold pieces.

Inventory:

Hand Weapons
 e - a +1 whip of electrocution (weapon)
Missiles
 c - 100 stones
 j - 11 poisoned darts (quivered)
Armour
 a - a +0 robe (worn)
Jewellery
 k - a +6 ring of dexterity (left hand)
Scrolls
 b - a scroll of fog {unknown}
 d - 2 scrolls of poison {unknown}
 f - a scroll of acquirement {unknown}
 g - a scroll of blinking {unknown}
 h - 4 scrolls of identify {unknown}
 i - a scroll of teleportation {unknown}


   Skills:
 - Level 1.5 Dodging
 - Level 1.5 Stealth
 + Level 4.4 Spellcasting
 * Level 5.9 Necromancy


You had 11 spell levels left.
You knew the following spells:

 Your Spells              Type           Power      Damage    Failure   Level
a - Pain                  Necr           100%       1d9       1%          1

Your spell library contained the following spells:

 Spells                   Type           Power      Damage    Failure   Level
 Animate Skeleton         Necr           68%        N/A       1%          1
 Vampiric Draining        Necr           34%        2d8       4%          3
 Animate Dead             Necr           17%        N/A       14%         4
 Magic Dart               Conj           12%        1d3       16%         1
 Sandblast                Erth           6%         2d5       16%         1
 Call Imp                 Summ           3%         N/A       24%         2
 Passwall                 Tmut/Erth      2%         N/A       24%         2
 Agony                    Necr           34%        N/A       36%         5
 Gell's Gravitas          Tloc           3%         N/A       43%         3
 Lesser Beckoning         Tloc           3%         N/A       43%         3
 Mephitic Cloud           Conj/Pois/Air  3%         N/A       43%         3
 Stone Arrow              Conj/Erth      6%         3d7       43%         3
 Teleport Other           Tloc           3%         N/A       43%         3


Dungeon Overview and Level Annotations

Branches:
Dungeon (4/15)
 Temple: D:4-7

Altars:

Annotations:
D:4 Menkaure


Innate Abilities, Weirdness & Mutations

You are immune to poison.
Your flesh is cold resistant. (rC+)
You are immune to negative energy. (rN+++)
You are immune to unholy pain and torment.
You are vulnerable to heat. (rF-)
You are in touch with the powers of death.
You do not drink.


Message History

Press: ? - help, Shift-Dir - straight line, f - kobold
Aim: a kobold, wielding a +0 dagger (chance to affect: 93%)
You feel a surge of power!
The kobold writhes in agony.
You kill the kobold!
The goblin shouts!
You hear a shout!
You now have 10/11 mp.
Casting: Pain (safe; 1% risk of failure)
Confirm with . or Enter, or press ? or * to list all spells.
Aiming: Pain (safe; 1% risk of failure)
Press: ? - help, Shift-Dir - straight line, f - goblin
Aim: a goblin, wielding a +0 dagger (chance to affect: 93%)
You feel a surge of power!
The goblin writhes in agony.
Menkaure gestures wildly while chanting.
Menkaure seems to speed up.
You now have 9/11 mp.
Casting: Pain (safe; 1% risk of failure)
Confirm with . or Enter, or press ? or * to list all spells.
Aiming: Pain (safe; 1% risk of failure)
Press: ? - help, Shift-Dir - straight line, f/p - goblin
Aim: a goblin, wielding a +0 dagger (severely wounded, chance to affect: 93%)
You feel a surge of power!
The goblin writhes in agony.
You kill the goblin!
Menkaure blazes with dark energy!
You now have 8/11 mp.
Press: ? - help, v - describe, . - travel
Here: Menkaure (fast)
The floor.
You aren't carrying any items that you can evoke.
Unknown command.
Casting: Pain (safe; 1% risk of failure)
Confirm with . or Enter, or press ? or * to list all spells.
You can't see any susceptible monsters within range! (Use Z to cast anyway.)
Okay, then.
You barely miss Menkaure. Menkaure hits you. Menkaure hits you!!
Ouch! That really hurt!
You take 23 damage, and have 12/35 hp.
MASSIVE DAMAGE!!
Okay, then.
You aren't carrying any items that you can evoke.
You completely miss Menkaure. Menkaure hits you!
You die...

####...#....## ####.#..........#
##.##.##...##...####
#......#...........## ###
#.......†.....###.... ## ##.#
####..#...##..........## .#
##..###..#..#........#......#
####.....#..)...........#....###
#..#...........M@...........###
#...............##########.<..#
..##.#.................. #....#
#.####.......#..########
#....... ####.........#..#
#....... #.##....#.......#
#....... ................#
#....... .##.............#
#....... ##.......#......#
#.......


You could see Menkaure (fast).

Vanquished Creatures
  A scorpion (D:4)
  Terence (D:2)
  3 adders
  3 worms
  3 dart slugs
  3 ball pythons
  4 bats
  5 endoplasms
  3 hobgoblins
  2 quokkas (D:2)
  5 frilled lizards
  7 goblins
  10 kobolds
  2 rats (D:1)
52 creatures vanquished.

Notes
Turn   | Place    | Note
-------+----------+-------------------------------------------
     0 | D:1      | trckry the Mummy Necromancer began the quest for the Orb.
     0 | D:1      | Reached XP level 1. HP: 13/13 MP: 4/4
   236 | D:1      | Reached XP level 2. HP: 19/19 MP: 1/6
   990 | D:2      | Noticed Terence
  1027 | D:2      | Gained mutation: You are in touch with the powers of death.
                  | [Mummy growth]
  1027 | D:2      | Reached XP level 3. HP: 24/24 MP: 5/7
  1269 | D:2      | Found a faded altar of an unknown god.
  1586 | D:2      | Killed Terence
  1587 | D:2      | Reached skill level 5 in Necromancy
  1801 | D:2      | Reached XP level 4. HP: 30/30 MP: 7/9
  3251 | D:4      | Noticed a scorpion
  3257 | D:4      | Killed a scorpion
  3258 | D:4      | Reached XP level 5. HP: 31/35 MP: 6/11
  3353 | D:4      | Noticed Menkaure
  3376 | D:4      | Slain by Menkaure

Illustrated notes

Levels and vault maps discovered:
D:1:      scummos_arrival_forest, layout_basic, minmay_lizard_pond
D:2:      layout_basic, shapermc_ecumenical_altar_acropolis, uniq_terence
D:3:      layout_basic, hangedman_decor_slide_cut, minmay_diced_spiral
D:4:      layout_cave_pools, minivault_5, grunt_ministairs_13, uniq_menkaure

Skill      XL: |  1  2  3  4 |
---------------+-------------+-----
Spellcasting   | 3 4 |  4.4
Necromancy     | 5 |  5.9
Dodging        | |  1.5
Stealth        | |  1.5

Action                   |  1- 3 |  4- 6 || total
-------------------------+-------+-------++-------
Melee: Whip              |     7 |     2 ||     9
Throw: Dart              |       |     6 ||     6
 Cast: Pain              |    62 |    38 ||   100
Armor: Robe              |     3 |       ||     3
Dodge: Dodged            |     9 |     1 ||    10

Table legend: (Time is in decaauts)
 A = Elapsed time spent in this place.
 B = Non-inter-level travel time spent in this place.
 C = Inter-level travel time spent in this place.
 D = Time resting spent in this place.
 E = Time spent auto-exploring this place.
 F = Levels seen in this place.
 G = Mean time per level.
                   A        B        C        D        E       F      G
               +--------+--------+--------+--------+--------+-----+--------+
         Total |   3374 |   3305 |     69 |      0 |   2711 |   4 |  843.5 |
       Dungeon |   3374 |   3305 |     69 |      0 |   2711 |   4 |  843.5 |
               +--------+--------+--------+--------+--------+-----+--------+

Top non-repeatable levels by time:
     D:2: 1318 daAuts
     D:3: 987 daAuts
     D:1: 923 daAuts
     D:4: 145 daAuts
